 Dungeon Crawl Stone Soup version 0.28-a0-317-g21599a725c (webtiles) character file.

Game seed: 4996473027534151360

5841 McIrco the Prestidigitator (level 10, -9/49 HPs)
             Began as a Spriggan Brigand on Sept 1, 2021.
             Was a High Priest of Ru.
             Mangled by a white ugly thing (32 damage)
             ... on level 7 of the Dungeon.
             The game lasted 00:18:14 (8878 turns).

McIrco the Prestidigitator (Spriggan Brigand)       Turns: 8878, Time: 00:18:15

Health: -9/49      AC:  4    Str:  7    XL:     10   Next: 51%
Magic:  7/11       EV: 19    Int: 12    God:    Ru [*****.]
Gold:   417        SH:  0    Dex: 21    Spells: 9/9 levels left

rFire   . . .      SeeInvis +   x - +2 dagger (drain)
rCold   . . .      Faith    .   (shield unavailable)
rNeg    . . .      Spirit   .   K - +0 troll leather armour
rPois   .          Reflect  .   (helmet restricted)
rElec   .          Harm     .   H - scarf {+Inv}
rCorr   .          Rampage  .   (gloves unavailable)
Will    +....                   (boots unavailable)
Stlth   +++++.....              (no amulet)
HPRegen 1.16/turn               (ring unavailable)
MPRegen 0.12/turn               i - +4 ring of slaying

@: very slightly contaminated, very quick
A: very small, no large weapons, unfitting armour, see invisible, speed 3,
missing a hand, hated by all
a: Renounce Religion, Evoke Invisibility, Draw Out Power, Power Leap, Apocalypse


You were on level 7 of the Dungeon.
You worshipped Ru.
Ru was extremely pleased with you.
You visited 2 branches of the dungeon, and saw 8 of its levels.
You also visited: Sewer.

You collected 417 gold pieces.

Inventory:

Hand Weapons
 a - a +2 dagger
 d - a +2 dagger of protection
 j - a +1 dagger of speed
 x - a +2 dagger of draining (weapon)
 L - a +0 scimitar of flaming
Missiles
 e - 7 curare-tipped darts (quivered)
 o - 27 poisoned darts
 M - a throwing net
Armour
 b - a +0 robe
 c - a +0 cloak
 H - a scarf of invisibility (worn)
 J - a +0 buckler
 K - a +0 troll leather armour (worn)
Jewellery
 i - a +4 ring of slaying (right hand)
 p - a ring of wizardry
Wands
 q - a wand of flame (17)
 y - a wand of digging (6)
 z - a wand of iceblast (3)
Scrolls
 f - 3 scrolls of fear {unknown}
 g - a scroll of enchant weapon {unknown}
 h - a scroll of identify
 m - a scroll of enchant armour {unknown}
 n - 4 scrolls of amnesia {unknown}
 r - 5 scrolls of teleportation {unknown}
 A - a scroll of silence {unknown}
 B - a scroll of summoning
 C - a scroll of acquirement {unknown}
 D - a scroll of blinking {unknown}
 F - a scroll of fog {unknown}
 I - a scroll of vulnerability {unknown}
Potions
 k - 3 potions of curing
 l - 2 potions of attraction {unknown}
 s - 2 potions of brilliance {unknown}
 t - 3 potions of ambrosia {unknown}
 u - a potion of resistance {unknown}
 v - a potion of flight {unknown}
 w - a potion of might {unknown}
 E - 3 potions of heal wounds {unknown}
 G - 2 potions of lignification {unknown}


   Skills:
 - Level 3.1 Fighting
 - Level 6.3 Short Blades
 - Level 3.5 Throwing
 - Level 5.0 Dodging
 - Level 11.8 Stealth
 + Level 14.5 Evocations


You had 9 spell levels left.
You didn't know any spells.
Your spell library contained the following spells:

 Spells                   Type           Power      Damage    Failure   Level
 Beastly Appendage        Tmut           0%         N/A       45%         1
 Slow                     Hex            0%         N/A       58%         2
 Sublimation of Blood     Necr           0%         N/A       58%         2
 Wereblood                Tmut           0%         N/A       58%         2
 Confusing Touch          Hex            0%         N/A       83%         3
 Conjure Flame            Conj/Fire      0%         6-21      83%         3
 Gell's Gravitas          Tloc           0%         N/A       83%         3
 Ozocubu's Armour         Ice            0%         N/A       83%         3
 Spider Form              Tmut/Pois      0%         N/A       83%         3
 Teleport Other           Tloc           0%         N/A       83%         3
 Petrify                  Tmut/Erth      0%         N/A       99%         4
 Sticky Flame             Conj/Fire      0%         2d3       99%         4
 Blade Hands              Tmut           0%         N/A       100%        5
 Bolt of Magma            Conj/Fire/Erth 0%         4d4       100%        5
 Metabolic Englaciation   Hex/Ice        0%         N/A       100%        5
 Yara's Violent Unravell  Hex/Tmut       0%         3d3       100%        5
 Dispersal                Tloc           0%         N/A       100%        6
 Iron Shot                Conj/Erth      0%         9d1       100%        6
 Statue Form              Tmut/Erth      0%         N/A       100%        6
 Animate Armour           Summ/Erth      Unusable   N/A       N/A         4
 Summon Hydra             Summ           Unusable   N/A       N/A         7

Dungeon Overview and Level Annotations

Branches:
Dungeon (7/15)             Temple (1/1) D:4           Sewer (visited)

Altars:
Ashenzari
Cheibriados
Dithmenos
Elyvilon
Fedhas
Gozag
Hepliaklqana
Kikubaaqudgha
Makhleb
Nemelex Xobeh
Okawaru
Qazlal
Ru
Sif Muna
Trog
Uskayaw
Vehumet
Wu Jian
Xom
Yredelemnul
Zin
The Shining One
Beogh

Shops:
D:6 (   D:7 =


Innate Abilities, Weirdness & Mutations

You are very small and have problems with some larger weapons.
You are too small for most types of armour.
You have supernaturally acute eyesight. (SInv)
You cover ground extremely quickly. (Speed+++)
You are missing a hand.
You are hated by all.


Message History

All monsters which could be auto-targeted are covered by a wall or statue which interrupts your line of fire, even though it doesn't interrupt your line of sight.
Aiming: Power Leap
Press: ? - help, Dir - move target
Okay, then.
Unknown command.
Aiming: Power Leap
Press: ? - help, Dir - move target Unknown command.
You hit the cyclops.
The cyclops is heavily wounded.
The cyclops hits you.
You hit the cyclops.
The cyclops is heavily wounded.
You catch the helpless cyclops completely off-guard!
You perforate the cyclops like a sieve!!!
You kill the cyclops!
Your life force feels restored.
Unknown command.
You flicker for a moment.
A white ugly thing comes into view.
Things that are here:
5 large rocks; a +0 dagger; a cyclops corpse No target in view!
You feel less exhausted.
A white ugly thing is nearby!
Found a slimy flail.
You flicker back into view.
You hit the white ugly thing. You drain the white ugly thing.
The white ugly thing is lightly wounded.
The white ugly thing bites you. The white ugly thing freezes you!
You barely miss the white ugly thing.
The white ugly thing is lightly wounded.
The white ugly thing misses you.
You hit the white ugly thing.
The white ugly thing is lightly wounded.
You hit the white ugly thing.
The white ugly thing is lightly wounded.
The white ugly thing bites you! The white ugly thing freezes you!!
Ouch! That really hurt!
You die...

#.#.#.# ♣♣♣♣♣.♣♣♣♣♣
#.♣♣♣.#..# #.#
#.#♣♣♣.........♣♣♣#.♣ ♣.#..#
#♣.
.♣#........(..(...#.♣♣♣.#..#
# ♣ ♣
♣♣♣.........♣♣♣#♣...♣#..#
####### ♣♣♣♣♣.♣♣♣♣♣
######..# ......# #.# # ####
#⌠.⌠..# #(#♣ .♣ #.∩...#
#$#.#♣.♣ #⌠(⌠#.# ..#8#@u♣
#.#.#.# ♣.♣#)#.#♣.♣ #...#.#
♣. ♣#.# .♣ #..##.# # ## #
......# ####### # # #


You could see a white ugly thing (drained).

Vanquished Creatures
  A boulder beetle (D:7)
  A death knight (D:7)
  A cyclops (D:7)
  An unseen horror (D:7)
  A troll (D:7)
  Prince Ribbit (D:7)
  Eustachio (D:5)
  2 wyverns (D:7)
  Edmund (D:4)
  3 water moccasins
  3 orc warriors (D:7)
  3 black bears
  A necrophage (D:4)
  5 ice beasts
  3 ogres
  A centaur (D:7)
  A bullfrog (D:7)
  A gnoll sergeant (D:7)
  A scorpion (D:4)
  A water moccasin zombie (D:5)
  2 wyvern skeletons (D:7)
  A killer bee (D:7)
  A wight (D:7)
  A howler monkey (D:7)
  A bullfrog zombie (D:5)
  A jelly (D:5)
  4 hounds
  2 orc priests (D:6)
  2 centaur skeletons (D:7)
  3 iguanas
  A bullfrog skeleton (D:4)
  An orc wizard (D:7)
  Ijyb (D:4)
  A killer bee zombie (D:7)
  A hound zombie (D:5)
  Robin (D:3)
  6 adders
  2 shadow imps (D:7)
  A white imp (D:6)
  3 ufetubi
  An adder skeleton (D:4)
  4 worms
  2 dart slugs
  18 orcs
  6 ball pythons
  6 bats
  7 endoplasms
  3 giant cockroaches
  20 goblins
  5 hobgoblins
  8 jackals
  2 quokkas
  13 frilled lizards
  4 kobolds
  8 rats
176 creatures vanquished.

Notes
Turn   | Place    | Note
-------+----------+-------------------------------------------
     0 | D:1      | McIrco the Spriggan Brigand began the quest for the Orb.
     0 | D:1      | Reached XP level 1. HP: 10/10 MP: 2/2
   257 | D:1      | Reached XP level 2. HP: 14/14 MP: 3/3
   875 | D:1      | Found a faded altar of an unknown god.
  1287 | D:2      | Reached XP level 3. HP: 18/18 MP: 4/4
  2020 | D:3      | Noticed an ogre
  2045 | D:3      | Killed an ogre
  2046 | D:3      | Reached XP level 4. HP: 8/23 MP: 5/5
  2046 | D:3      | Reached XP level 5. HP: 9/26 MP: 6/6
  2494 | D:3      | Noticed a water moccasin
  2528 | D:3      | Killed a water moccasin
  2782 | D:3      | Reached XP level 6. HP: 30/30 MP: 7/7
  2787 | D:3      | Noticed Robin
  2796 | D:3      | Killed Robin
  3528 | D:4      | Noticed Edmund
  3531 | D:4      | Killed Edmund
  3602 | D:4      | Found a staircase to the Ecumenical Temple.
  3612 | Temple   | Entered the Ecumenical Temple
  3815 | Temple   | Became a worshipper of Ru the Awakened
  4009 | D:4      | Reached XP level 7. HP: 23/35 MP: 8/8
  4247 | D:4      | Noticed Ijyb
  4299 | D:4      | Killed Ijyb
  4477 | D:4      | Reached skill level 5 in Short Blades
  4564 | D:5      | Entered Level 5 of the Dungeon
  4578 | D:5      | Reached skill level 10 in Stealth
  4682 | D:5      | Found a glowing drain.
  4801 | Sewer    | Entered a sewer
  5392 | D:5      | Found a hide-covered altar of Uskayaw.
  5392 | D:5      | Noticed a +0 dagger
  5392 | D:5      | Noticed a +0 hand axe
  5393 | D:5      | Gained mutation: You are hated by all. [Ru sacrifice]
  5393 | D:5      | Reached * piety under Ru
  5393 | D:5      | Reached ** piety under Ru
  5394 | D:5      | Noticed Eustachio
  5397 | D:5      | Killed Eustachio
  5398 | D:5      | Reached XP level 8. HP: 39/39 MP: 9/9
  5535 | D:5      | Got Vowewaox's Disquisition on Blistering Cold
  6058 | D:6      | Found Cooqyi Mexu's Antique Weapon Shop.
  6119 | D:6      | Reached skill level 5 in Dodging
  6484 | D:6      | Reached skill level 1 in Evocations
  6522 | D:6      | Reached skill level 2 in Evocations
  6657 | D:6      | Reached skill level 3 in Evocations
  6862 | D:6      | Reached skill level 4 in Evocations
  6970 | D:6      | Reached skill level 5 in Evocations
  7089 | D:7      | Reached skill level 6 in Evocations
  7104 | D:7      | Reached XP level 9. HP: 12/43 MP: 10/10
  7119 | D:7      | Reached skill level 7 in Evocations
  7552 | D:7      | Found Nethru's Jewellery Shoppe.
  7616 | D:7      | Reached skill level 8 in Evocations
  7756 | D:7      | Reached skill level 9 in Evocations
  7787 | D:7      | Reached skill level 10 in Evocations
  7839 | D:7      | Noticed a boulder beetle
  8079 | D:7      | Killed a boulder beetle
  8080 | D:7      | Reached skill level 11 in Evocations
  8097 | D:7      | Noticed an unseen horror
  8113 | D:7      | Killed an unseen horror
  8114 | D:7      | Reached skill level 12 in Evocations
  8114 | D:7      | Reached XP level 10. HP: 39/49 MP: 11/11
  8465 | D:7      | Noticed a death knight
  8471 | D:7      | Killed a death knight
  8472 | D:7      | Reached skill level 13 in Evocations
  8720 | D:7      | Noticed Prince Ribbit
  8724 | D:7      | Killed Prince Ribbit
  8725 | D:7      | Reached skill level 14 in Evocations
  8730 | D:7      | Gained mutation: You are missing a hand. [Ru sacrifice]
  8730 | D:7      | Reached *** piety under Ru
  8730 | D:7      | Reached **** piety under Ru
  8730 | D:7      | Reached ***** piety under Ru
  8844 | D:7      | Noticed a cyclops
  8852 | D:7      | Killed a cyclops
  8870 | D:7      | Noticed a white ugly thing
  8878 | D:7      | Mangled by a white ugly thing

Illustrated notes

Levels and vault maps discovered:
D:1:      nzn_arrival_depleted_hourglass, layout_loops_ring,
          hellmonk_ecumenical_altar_defaced_shrine
D:2:      layout_basic
D:3:      layout_basic, hangedman_decor_lopped, wad_floor_pattern_untrapped,
          uniq_robin
D:4:      kennysheep_the_goblin_king, layout_loops_ring,
          minmay_temple_entry_statues_pillars, uniq_edmund
D:5:      layout_loops_ring, dancing_weapons_uskayaw, portal_sewer_entry_d,
          uniq_eustachio
D:6:      layout_cave_pods, serial_shops, shop_statue
D:7:      nzn_winding_woodlands_stair_cross [nzn_winding_woodlands_5x15_zeroes,
          nzn_winding_woodlands_center_pierced_h,
          nzn_winding_woodlands_5x15_cabin, nzn_winding_woodlands_5x5_three,
          nzn_winding_woodlands_5x5_closed_star,
          nzn_winding_woodlands_5x15_default,
          nzn_winding_woodlands_center_diamonds,
          nzn_winding_woodlands_5x15_longhouse], layout_basic, serial_shops,
          shop_fountains, uniq_prince_ribbit1
Temple:   minmay_crystal_snake_temple

Skill      XL: |  1  2  3  4  5  6  7  8  9 10 |
---------------+-------------------------------+-----
Stealth        | 6 7 8 9 10 11 | 11.8
Short Blades   | 3 4 5 6 |  6.3
Dodging        | 2 3 4 5 |  5.0
Fighting       | 2 3 |  3.1
Throwing       | 3 |  3.5
Evocations     | 6 12 14 | 14.5

Action                   |  1- 3 |  4- 6 |  7- 9 | 10-12 || total
-------------------------+-------+-------+-------+-------++-------
Melee: Dagger            |    80 |   137 |   286 |    43 ||   546
Throw: Dart              |     6 |    11 |    14 |       ||    31
Invok: Sacrifice Love    |       |       |     1 |       ||     1
       Power Leap        |       |       |       |     1 ||     1
       Sacrifice a Hand  |       |       |       |     1 ||     1
 Abil: Evoke Invisibilit |       |       |     2 |     3 ||     5
Evoke: Wand              |       |       |     2 |       ||     2
  Use: Scroll            |       |       |     4 |       ||     4
       Potion            |       |       |     1 |       ||     1
 Stab: Sleeping          |    13 |    10 |    18 |    10 ||    51
       Distracted        |       |       |     5 |       ||     5
       Invisible         |       |       |    10 |     1 ||    11
Armor: Robe              |     9 |    14 |    12 |       ||    35
Dodge: Dodged            |    38 |    53 |   182 |    28 ||   301

Table legend: (Time is in decaauts)
 A = Elapsed time spent in this place.
 B = Non-inter-level travel time spent in this place.
 C = Inter-level travel time spent in this place.
 D = Time resting spent in this place.
 E = Time spent auto-exploring this place.
 F = Levels seen in this place.
 G = Mean time per level.
                   A        B        C        D        E       F      G
               +--------+--------+--------+--------+--------+-----+--------+
         Total |   6871 |   6733 |    138 |   2122 |   3513 |   9 |  763.4 |
       Dungeon |   6438 |   6341 |     97 |   2122 |   3265 |   7 |  919.7 |
        Temple |    145 |    104 |     41 |      0 |     91 |   1 |  145.0 |
         Sewer |    288 |    288 |      0 |      0 |    157 |   1 |  288.0 |
               +--------+--------+--------+--------+--------+-----+--------+

Top non-repeatable levels by time:
     D:1: 1314 daAuts
     D:7: 1310 daAuts
     D:3: 1140 daAuts
     D:6: 1042 daAuts
     D:5: 819 daAuts
     D:4: 596 daAuts
   Sewer: 288 daAuts
     D:2: 215 daAuts
  Temple: 145 daAuts
